 Dungeon Crawl Stone Soup version 0.23.0-3-gf3c87f2 (webtiles) character file.

Game seed: 9651643041155768114

2997 xccam the Sneak (level 9, -12/67 HPs)
             Began as a Gnoll Wanderer on Feb 20, 2019.
             Was a High Priest of Ru.
             Mangled by a two-headed ogre
             ... wielding a +0 dire flail
              (13 damage)
             ... on level 8 of the Dungeon.
             The game lasted 00:20:35 (9972 turns).

xccam the Sneak (Gnoll Wanderer)                    Turns: 9972, Time: 00:20:35

Health: -12/67     AC:  9    Str: 19    XL:     9   Next: 84%
Magic:  14/18      EV:  8    Int: 13    God:    Ru [*****.]
Gold:   338        SH: 10    Dex: 15    Spells: 20/20 levels left

rFire    + . .     SeeInvis +   a - +2 spear
rCold    . . .     Gourm    .   n - +0 shield
rNeg     . . .     Faith    .   x - +0 chain mail
rPois    .         Spirit   .   (no helmet)
rElec    .         Reflect  .   (no cloak)
rCorr    .         Harm     .   (no gloves)
MR       .....                  (no boots)
Stlth    ..........             (no amulet)
HPRegen  0.21/turn              l - ring of see invisible
MPRegen  0.16/turn              o - ring of protection from fire

@: exhausted
A: distributed training, fangs 1, no fire magic, no necromancy magic, no
translocations magic, unskilled 1, inexperienced 1, strong nose
a: Draw Out Power, Power Leap, Apocalypse, Renounce Religion


You were on level 8 of the Dungeon.
You worshipped Ru.
Ru was extremely pleased with you.
You were very hungry.

You visited 1 branch of the dungeon, and saw 8 of its levels.

You collected 338 gold pieces.

Inventory:

Hand Weapons
 a - a +2 spear (weapon)
 b - a +0 hand crossbow
Missiles
 F - 18 bolts
Armour
 e - the -4 pair of gloves of Distant Worlds {Str+4 Int+4}
   (You found it on level 8 of the Dungeon)

   It affects your strength (+4).
   It affects your intelligence (+4).
 n - a +0 shield (worn)
 x - a +0 chain mail (worn)
Jewellery
 l - a ring of see invisible (left hand)
 m - a +1 ring of protection
 o - a ring of protection from fire (right hand)
 r - an uncursed ring of ice
 u - an uncursed ring of teleportation
 B - an uncursed ring of wizardry {unknown}
Wands
 t - a wand of iceblast (2)
 z - a wand of disintegration (2)
 D - a wand of flame (6)
Scrolls
 c - 2 scrolls of fog
 d - a scroll of teleportation
 h - a scroll of enchant weapon
 k - a scroll of blinking
 q - 4 scrolls of immolation
 v - a scroll of magic mapping
 y - 2 scrolls of noise
 A - 2 scrolls of amnesia
Potions
 g - 2 potions of brilliance
 i - a potion of flight
 j - a potion of heal wounds
 p - 3 potions of haste
 s - a potion of cancellation
 w - a potion of might
 C - a potion of invisibility {unknown}
 E - a potion of curing
Comestibles
 f - 10 rations


   Skills:
 + Level 4.9 Fighting
 + Level 4.2 Short Blades
 + Level 4.2 Long Blades
 + Level 4.2 Axes
 + Level 4.2 Maces & Flails
 + Level 4.9 Polearms
 + Level 4.2 Staves
 + Level 4.2 Slings
 + Level 4.2 Bows
 + Level 4.2 Crossbows
 + Level 4.2 Throwing
 + Level 4.2 Armour
 + Level 4.9 Dodging
 + Level 7.0 Stealth
 + Level 4.2 Shields
 + Level 4.2 Unarmed Combat
 + Level 6.2 Spellcasting
 + Level 4.0 Conjurations
 + Level 3.4 Hexes
 + Level 3.4 Charms
 + Level 3.4 Summonings
   Level 0.0 Necromancy
   Level 0.0 Translocations
 + Level 3.4 Transmutations
   Level 0.0 Fire Magic
 + Level 3.4 Ice Magic
 + Level 3.4 Air Magic
 + Level 3.4 Earth Magic
 + Level 3.4 Poison Magic
 + Level 4.6 Invocations
 + Level 4.9 Evocations


You had 20 spell levels left.
You didn't know any spells.
Your spell library contained the following spells:

 Spells                   Type           Power        Failure   Level  Hunger
 Confusing Touch          Hex            ##....       87%         1    None
 Freeze                   Ice            ##..         87%         1    None
 Summon Small Mammal      Summ           ##..         87%         1    None
 Throw Frost              Conj/Ice       ##....       94%         2    #......
 Ozocubu's Armour         Chrm/Ice       ##......     99%         3    ###....
 Summon Ice Beast         Ice/Summ       ##......     100%        4    ####...
 Throw Icicle             Conj/Ice       ##......     100%        4    ####...
 Shroud of Golubria       Chrm/Tloc      Unusable     N/A         2    N/A
 Animate Skeleton         Necr           Unusable     N/A         1    N/A
 Apportation              Tloc           Unusable     N/A         1    N/A
 Blink                    Tloc           Unusable     N/A         2    N/A

Dungeon Overview and Level Annotations

Branches:
Dungeon (8/15)             Temple (0/1) D:5
   Lair: D:8-11

Altars:
Dithmenos
Fedhas
Hepliaklqana
Makhleb
Nemelex Xobeh
Ru
Trog
Yredelemnul
The Shining One


Innate Abilities, Weirdness & Mutations

Your experience applies equally to all skills.
You have very sharp teeth.
You cannot study or cast Fire magic.
You cannot study or cast Necromancy magic.
You cannot study or cast Translocations magic.
You are somewhat unskilled. (-1 Apt)
You are somewhat inexperienced. (-2 XL)
Your uncanny sense of smell can sniff out nearby items.


Message History

The two-headed ogre hits you with a +0 giant club!
Firing (i - inventory)
F - 19 bolts (quivered)
Press: ? - help, Shift-Dir - straight line, f/p - two-headed ogre
Aim: a two-headed ogre, wielding a +0 dire flail and a +0 giant club (almost dead)
You shoot a bolt.
The bolt barely misses the two-headed ogre.
The two-headed ogre hits you with a +0 dire flail.
The two-headed ogre hits you with a +0 giant club!
a - a +2 spear (weapon)
You completely miss the two-headed ogre.
The two-headed ogre is almost dead.
You block the two-headed ogre's attack.
The two-headed ogre hits you with a +0 giant club!
* * * LOW HITPOINT WARNING * * *
Your chain mail prevents you from hitting the two-headed ogre.
The two-headed ogre is almost dead.
The two-headed ogre hits you with a +0 dire flail!
* * * LOW HITPOINT WARNING * * *
The two-headed ogre hits you with a +0 giant club!
You die...

#### ...### ._...# ########
.....### ###### #....... ........
......# ###.###### .⌠(...#
.......########.....# ......#
.........)...##.###.###
.....####.......#####....# #..>#
._..............@O....(#.###.#.##
................######.)#........
...##### ....... #.#.#.###.##
.#.# ....... #.#.#.# #.# .#...
......# #.#.#.###.## .#####
#####. #.#.#....... .# #.
#.#.#.###### .# #. #.#.#.# .#
#...#.#


You could see a two-headed ogre.

Vanquished Creatures
  A hippogriff (D:7)
  A human (D:4)
  2 hungry ghosts
  A black bear (D:6)
  2 ice beasts
  A phantom (D:4)
  A necrophage (D:7)
  2 ogres (D:5)
  3 centaurs
  A bullfrog (D:7)
  A wyvern zombie (D:6)
  A water moccasin zombie (D:5)
  2 scorpions
  5 killer bees (D:8)
  2 howler monkeys
  4 crimson imps
  A bullfrog zombie (D:5)
  A centaur skeleton (D:5)
  An orc wizard (D:3)
  5 hounds
  An orc priest (D:8)
  A bullfrog skeleton (D:4)
  5 jellies
  An iguana (D:6)
  5 worker ants
  A killer bee zombie (D:7)
  2 hound skeletons
  A worker ant zombie (D:6)
  A howler monkey zombie (D:7)
  3 gnolls (D:4)
  14 adders
  4 shadow imps
  An ooze (D:4)
  2 adder skeletons
  6 worms
  A dart slug (D:3)
  3 leopard geckos
  12 orcs
  3 ball pythons
  6 giant cockroaches
  9 goblins
  4 hobgoblins
  7 jackals
  9 kobolds
  5 quokkas
  10 bats
  5 frilled lizards
  A jackal skeleton (D:4)
  A jackal zombie (D:7)
  A kobold zombie (D:4)
  A quokka skeleton (D:5)
  A quokka zombie (D:7)
  9 rats
  A spectral orc (D:2)
175 creatures vanquished.

Vanquished Creatures (others)
  A killer bee (D:8)
  A gnoll (D:3)
  A shadow imp (D:6)
3 creatures vanquished.

Grand Total: 178 creatures vanquished

Notes
Turn   | Place    | Note
-------+----------+-------------------------------------------
     0 | D:1      | xccam the Gnoll Wanderer began the quest for the Orb.
     0 | D:1      | xccam set off with the following items: a +2 spear, a
                  | potion of curing, a +0 robe, a +0 dagger, a ration; and the
                  | following spells available to memorise: Blink, Shroud of
                  | Golubria
     0 | D:1      | Reached XP level 1. HP: 17/17 MP: 6/6
   152 | D:1      | Reached XP level 2. HP: 23/23 MP: 7/7
   733 | D:2      | Reached skill level 5 in Spellcasting
   733 | D:2      | Reached XP level 3. HP: 13/28 MP: 7/9
   932 | D:2      | Reached skill level 6 in Stealth
  1193 | D:2      | Found a basalt altar of Yredelemnul.
  1277 | D:2      | Reached skill level 1 in Invocations
  1331 | D:2      | Found a sacrificial altar of Ru.
  1337 | D:2      | Reached skill level 1 in Short Blades
  1337 | D:2      | Reached skill level 1 in Long Blades
  1337 | D:2      | Reached skill level 1 in Axes
  1337 | D:2      | Reached skill level 1 in Maces & Flails
  1337 | D:2      | Reached skill level 1 in Staves
  1337 | D:2      | Reached skill level 1 in Slings
  1337 | D:2      | Reached skill level 1 in Bows
  1337 | D:2      | Reached skill level 1 in Crossbows
  1337 | D:2      | Reached skill level 1 in Throwing
  1337 | D:2      | Reached skill level 1 in Armour
  1337 | D:2      | Reached skill level 1 in Shields
  1337 | D:2      | Reached skill level 1 in Unarmed Combat
  1342 | D:2      | Became a worshipper of Ru the Awakened
  1371 | D:2      | Reached XP level 4. HP: 23/34 MP: 11/11
  1831 | D:3      | Found a burning altar of Makhleb.
  1963 | D:3      | Reached skill level 1 in Hexes
  1963 | D:3      | Reached skill level 1 in Charms
  1963 | D:3      | Reached skill level 1 in Summonings
  1963 | D:3      | Reached skill level 1 in Necromancy
  1963 | D:3      | Reached skill level 1 in Translocations
  1963 | D:3      | Reached skill level 1 in Transmutations
  1963 | D:3      | Reached skill level 1 in Fire Magic
  1963 | D:3      | Reached skill level 1 in Ice Magic
  1963 | D:3      | Reached skill level 1 in Air Magic
  1963 | D:3      | Reached skill level 1 in Earth Magic
  1963 | D:3      | Reached skill level 1 in Poison Magic
  2218 | D:3      | Reached XP level 5. HP: 37/40 MP: 12/12
  2641 | D:3      | Gained mutation: You are somewhat inexperienced. (-2 XL)
                  | [Ru sacrifice]
  2641 | D:3      | Reached XP level 4. HP: 35/35 MP: 11/11
  2641 | D:3      | Reached XP level 3. HP: 29/29 MP: 9/9
  2641 | D:3      | Reached * piety under Ru
  2641 | D:3      | Reached ** piety under Ru
  2910 | D:4      | Found a runed translucent door.
  2910 | D:4      | Noticed a human
  2933 | D:4      | Reached XP level 4. HP: 21/35 MP: 11/11
  3473 | D:4      | Reached XP level 5. HP: 30/41 MP: 12/12
  3744 | D:4      | Found a sparkling altar of Nemelex Xobeh.
  3806 | D:4      | Found a glowing golden altar of the Shining One.
  3893 | D:4      | Found a basalt altar of Yredelemnul.
  4041 | D:4      | Reached XP level 6. HP: 37/47 MP: 14/14
  4560 | D:5      | Entered Level 5 of the Dungeon
  4604 | D:5      | Noticed an ice beast
  4696 | D:4      | Killed an ice beast
  5007 | D:4      | Killed a human
  5007 | D:4      | Reached XP level 7. HP: 26/52 MP: 15/15
  5584 | D:5      | Reached XP level 8. HP: 14/60 MP: 16/16
  5591 | D:5      | HP: 3/60 [phantom (7)]
  6037 | D:5      | Gained mutation: You cannot study or cast Fire magic. [Ru
                  | sacrifice]
  6037 | D:5      | Gained mutation: You cannot study or cast Necromancy magic.
                  | [Ru sacrifice]
  6037 | D:5      | Gained mutation: You cannot study or cast Translocations
                  | magic. [Ru sacrifice]
  6037 | D:5      | Reached *** piety under Ru
  6040 | D:5      | Found a sparkling altar of Nemelex Xobeh.
  6328 | D:5      | Found a staircase to the Ecumenical Temple.
  6712 | D:6      | Reached skill level 7 in Stealth
  7363 | D:7      | Reached XP level 9. HP: 54/66 MP: 18/18
  8350 | D:7      | Reached skill level 5 in Fighting
  8350 | D:7      | Reached skill level 5 in Polearms
  8350 | D:7      | Reached skill level 5 in Dodging
  8350 | D:7      | Reached skill level 5 in Evocations
  8612 | D:7      | Gained mutation: You are somewhat unskilled. (-1 Apt) [Ru
                  | sacrifice]
  8612 | D:7      | Reduced skill Stealth to level 6
  8612 | D:7      | Reached **** piety under Ru
  8612 | D:7      | Reached ***** piety under Ru
  9211 | D:8      | Got a pair of bloodstained gloves
  9217 | D:8      | Identified the -4 pair of gloves of Distant Worlds {Str+4
                  | Int+4} (You found it on level 8 of the Dungeon)
  9573 | D:8      | Found a hazy altar of Hepliaklqana.
  9581 | D:8      | Found a blossoming altar of Fedhas.
  9682 | D:8      | Found a bloodstained altar of Trog.
  9713 | D:8      | Found a shadowy altar of Dithmenos.
  9917 | D:8      | Reached skill level 7 in Stealth
  9960 | D:8      | Noticed a two-headed ogre
  9972 | D:8      | HP: 1/67 [two-headed ogre/+0 dire flail (11)]
  9972 | D:8      | Mangled by a two-headed ogre

Skill      XL: |  1  2  3  4  5  6  7  8  9 |
---------------+----------------------------+-----
Conjurations   | 2 3 4 |  4.0
Spellcasting   | 5 6 |  6.2
Stealth        | 6 7 7 |  7.0
Invocations    | 1 2 3 4 |  4.6
Short Blades   | 1 2 3 4 |  4.2
Long Blades    | 1 2 3 4 |  4.2
Axes           | 1 2 3 4 |  4.2
Maces & Flails | 1 2 3 4 |  4.2
Staves         | 1 2 3 4 |  4.2
Slings         | 1 2 3 4 |  4.2
Bows           | 1 2 3 4 |  4.2
Crossbows      | 1 2 3 4 |  4.2
Throwing       | 1 2 3 4 |  4.2
Armour         | 1 2 3 4 |  4.2
Shields        | 1 2 3 4 |  4.2
Unarmed Combat | 1 2 3 4 |  4.2
Hexes          | 1 2 3 |  3.4
Charms         | 1 2 3 |  3.4
Summonings     | 1 2 3 |  3.4
Necromancy     | 1 2 0 |  0.0
Translocations | 1 2 0 |  0.0
Transmutations | 1 2 3 |  3.4
Fire Magic     | 1 2 0 |  0.0
Ice Magic      | 1 2 3 |  3.4
Air Magic      | 1 2 3 |  3.4
Earth Magic    | 1 2 3 |  3.4
Poison Magic   | 1 2 3 |  3.4
Fighting       | 3 4 4 |  4.9
Polearms       | 3 4 4 |  4.9
Dodging        | 3 4 4 |  4.9
Evocations     | 3 4 4 |  4.9

Action                   |  1- 3 |  4- 6 |  7- 9 || total
-------------------------+-------+-------+-------++-------
Melee: Spear             |   127 |   260 |   526 ||   913
       Bite              |     3 |    10 |    76 ||    89
       Halberd           |       |    21 |       ||    21
 Fire: Hand crossbow     |       |       |    23 ||    23
Invok: Sacrifice Experie |     1 |       |       ||     1
       Sacrifice Arcana  |       |       |     1 ||     1
       Power Leap        |       |       |     1 ||     1
       Sacrifice Skill   |       |       |     1 ||     1
Evoke: Wand              |       |       |    13 ||    13
  Use: Scroll            |       |     1 |    11 ||    12
       Potion            |       |     5 |     6 ||    11
 Stab: Sleeping          |    14 |    14 |       ||    28
       Distracted        |       |     2 |     4 ||     6
       Invisible         |       |       |     1 ||     1
  Eat: Chunk             |     2 |    11 |     9 ||    22
       Ration            |       |       |     4 ||     4
Armor: Robe              |     9 |     5 |       ||    14
       Ring mail         |     5 |    40 |    18 ||    63
       Skin              |       |    21 |       ||    21
       Chain mail        |       |       |   149 ||   149
Dodge: Dodged            |    41 |   133 |   128 ||   302
Block: Shield            |       |       |   187 ||   187
